 Dungeon Crawl Stone Soup version 0.30-a0-1114-gd936c97349 (webtiles) character file.

Game seed: 9111027196656198717

21 FexLirch the Sneak (level 2, 0/15 HPs)
             Began as a Vine Stalker Brigand on Apr 20, 2023.
             Succumbed to an adder's poison
             ... on level 2 of the Dungeon.
             The game lasted 00:01:18 (1393 turns).

FexLirch the Sneak (Vine Stalker Brigand)           Turns: 1393, Time: 00:01:18

Health: 0/15       AC:  3    Str: 13    XL:     2   Next: 87%
Magic:  3/3        EV: 12    Int: 11    God:
Gold:   128        SH:  0    Dex: 15    Spells: 1/1 levels left

rFire   . . .      SeeInvis .    a - +2 dagger
rCold   . . .      Faith    .    (no shield)
rNeg    . . .      Spirit   +    b - +0 robe
rPois   .          Reflect  .    (no helmet)
rElec   .          Rampage  .    c - +0 cloak
rCorr   .                        (no gloves)
Will    .....                    (no boots)
Stlth   +++                      (no amulet)
HPRegen 0.22/turn                (no ring)
MPRegen 0.08/turn                (no ring)

@: lethally poisoned (0 -> -4)
A: fangs 2, magic shield, antimagic bite, no potion heal 2
a: no special abilities


You were on level 2 of the Dungeon.
You visited 1 branch of the dungeon, and saw 2 of its levels.

You collected 128 gold pieces.

Inventory:

Hand Weapons
 a - a +2 dagger (weapon)
 l - a +0 dagger of flaming
Missiles
 d - 14 poisoned darts (quivered)
 e - 3 curare-tipped darts
 p - 22 stones
 s - a throwing net
Armour
 b - a +0 robe (worn)
 c - a +0 cloak (worn)
Magical Staves
 f - a staff of fire
Wands
 r - a wand of mindburst (9)
Scrolls
 g - a scroll of torment {unknown}
 h - a scroll of blinking {unknown}
 i - a scroll of teleportation {unknown}
 j - a scroll of immolation {unknown}
 m - a scroll of identify {unknown}
 t - 2 scrolls of fear {unknown}
Potions
 k - a potion of curing {unknown}
 n - 2 potions of berserk rage {unknown}
 o - a potion of heal wounds {unknown}
 q - a potion of degeneration {unknown}
 u - 2 potions of flight {unknown}
 v - a potion of magic {unknown}


   Skills:
 + Level 2.0 Fighting
 - Level 1.7(2.0) Short Blades
 * Level 1.2(1.7) Long Blades
 - Level 1.7 Throwing
 + Level 1.1 Dodging
 + Level 5.1 Stealth


You had one spell level left.
You didn't know any spells.
Your spell library contained the following spells:

 Spells                   Type           Power      Damage    Failure   Level
 Apportation              Tloc           0%         N/A       34%         1
 Necrotise                Necr           0%         1d4       34%         1
 Summon Small Mammal      Summ           0%         N/A       34%         1
 Blink                    Tloc           0%         N/A       47%         2
 Manifold Assault         Tloc           0%         N/A       98%         4
 Storm Form               Tmut/Air       0%         N/A       100%        7


Dungeon Overview and Level Annotations

Branches:
Dungeon (2/15)

Altars:

Shops:
D:1 [


Innate Abilities, Weirdness & Mutations

You have extremely sharp teeth.
When hurt, damage is shared between your health and your magic reserves.
Your bite disrupts and absorbs the magic of your enemies.
Potions cannot restore your health.


Message History

A kobold comes into view. It is wielding a +0 dagger.
There are monsters nearby!
There are monsters nearby!
Found a robe.
There are monsters nearby!
There are monsters nearby!
The adder hisses angrily.
The kobold shouts!
The adder misses you. The adder closely misses you.
There are monsters nearby!
You closely miss the adder. Your bite misses the adder. The adder misses you.
There are monsters nearby!
You miss the adder. The adder closely misses you.
There are monsters nearby!
You hit the adder but do no damage. The adder bites you.
There are monsters nearby!
You miss the adder. The adder bites you.
You are poisoned.
The adder poisons you!
There are monsters nearby!
You barely miss the adder. Your bite misses the adder.
You feel sick. The adder bites you but does no damage.
You barely miss the adder. You bite the adder. You drain its power.
You feel invigorated.
The adder is lightly wounded.
You feel sick. The adder closely misses you. The adder bites you.
You are lethally poisoned!
The adder poisons you!
You barely miss the adder.
You feel sick. The adder bites you.
* * * LOW HITPOINT WARNING * * *
You hit the adder.
The adder is moderately wounded.
* * * LOW HITPOINT WARNING * * *
You feel sick. The adder misses you.
You miss the adder. Your bite misses the adder.
The adder is moderately wounded.
* * * LOW HITPOINT WARNING * * *
You feel sick. The adder misses you.
You closely miss the adder.
The adder is moderately wounded.
You die...

.....#.#
#.##.#.....#.#
######.#
#.##.#.......#
######.#
#.##.#.###.#.#
.......#
#.##.#.###.# #
########
#.##.#.$...#
#.##### #.# ..
#.#.# #@..#
#S### .K.
##.## #[# #.#
#.# #.#


You could see an adder and a kobold.

Vanquished Creatures
  5 bats
  2 endoplasms (D:2)
  2 goblins
  2 hobgoblins
  A quokka (D:2)
  A ball python (D:2)
  2 frilled lizards (D:2)
  3 kobolds
  2 rats
20 creatures vanquished.

Notes
Turn   | Place    | Note
-------+----------+-------------------------------------------
     0 | D:1      | FexLirch the Vine Stalker Brigand began the quest for the
                  | Orb.
     0 | D:1      | Reached XP level 1. HP: 11/11 MP: 2/2
    11 | D:1      | Found Hurphuqo's Armour Shoppe.
   669 | D:1      | Reached skill level 1 in Dodging
   669 | D:1      | Reached XP level 2. HP: 15/15 MP: 3/3
   902 | D:2      | Reached skill level 5 in Stealth
   935 | D:2      | Reached skill level 1 in Long Blades
  1393 | D:2      | Succumbed to an adder's poison

Illustrated notes

Levels and vault maps discovered:
D:1:      heliophobic_arrival_ceremonial_halls, layout_basic, serial_shops,
          nicolae_shop_tiny_glass
D:2:      layout_basic, shapermc_ecumenical_altar_mp_urbaneastern,
          minmay_tiny_reverse_x

Skill      XL: |  1  2 |
---------------+-------+-----
Dodging        | 1 |  1.1
Stealth        | 5 |  5.1
Fighting       | 2 |  2.0
Long Blades    | 1 |  1.2
Short Blades   | |  1.7
Throwing       | |  1.7

Action                     || total
---------------------------++-------
  Melee: Dagger            ||    48
         Bite              ||     6
   Stab: Sleeping          ||     7
 Armour: Robe              ||     4
  Dodge: Dodged            ||    28

Table legend: (Time is in decaauts)
 A = Elapsed time spent in this place.
 B = Non-inter-level travel time spent in this place.
 C = Inter-level travel time spent in this place.
 D = Time resting spent in this place.
 E = Time spent auto-exploring this place.
 F = Levels seen in this place.
 G = Mean time per level.
                   A        B        C        D        E       F      G
               +--------+--------+--------+--------+--------+-----+--------+
         Total |   1388 |   1352 |     36 |      0 |   1162 |   2 |  694.0 |
       Dungeon |   1388 |   1352 |     36 |      0 |   1162 |   2 |  694.0 |
               +--------+--------+--------+--------+--------+-----+--------+

Top non-repeatable levels by time:
     D:1: 849 daAuts
     D:2: 538 daAuts
